 Dungeon Crawl Stone Soup version 0.31.0-11-ge490571c62 (webtiles) character file.

Game seed: 4921303551454966379

915 Bobbunny the Fighter (level 7, -3/68 HPs)
             Began as a Minotaur Fighter on Feb 3, 2024.
             Was a Believer of Makhleb.
             Slain by a killer bee (5 damage)
             ... on level 6 of the Dungeon.
             The game lasted 00:03:24 (3802 turns).

Bobbunny the Fighter (Minotaur Fighter)             Turns: 3802, Time: 00:03:25

Health: -3/68      AC: 12    Str: 23    XL:     7   Next: 82%
Magic:  7/7        EV:  6    Int:  5    God:    Makhleb [**....]
Gold:   336        SH:  4    Dex:  9    Spells: 6/6 levels left

rFire   . . .        a - +0 war axe
rCold   . . .        c - +0 buckler
rNeg    . . .        y - +0 plate armour
rPois   .            (helmet restricted)
rElec   .            (no cloak)
rCorr   .            (no gloves)
SInv    .            s - +0 pair of boots
Will    .....        r - amulet of faith Stlth
                     (no ring)
HPRegen 0.31/turn    (no ring)
MPRegen 0.10/turn

%: faith
@: lethally poisoned (-3 -> -14)
A: horns 2, retaliatory headbutt
a: Renounce Religion, Minor Destruction


You were on level 6 of the Dungeon.
You worshipped Makhleb.
Makhleb was pleased with you.
You visited 1 branch of the dungeon, and saw 6 of its levels.

You collected 336 gold pieces.

Inventory:

Hand Weapons
 a - a +0 war axe (weapon)
Missiles
 u - 4 javelins (quivered)
Armour
 b - a +0 scale mail
 c - a +0 buckler (worn)
 s - a +0 pair of boots (worn)
 y - a +0 plate armour (worn)
Jewellery
 r - an amulet of faith (around neck)
Wands
 A - a wand of flame (17)
Scrolls
 e - a scroll of enchant armour {unknown}
 f - 3 scrolls of identify {unknown}
 g - 6 scrolls of teleportation {unknown}
 k - a scroll of fog {unknown}
 m - a scroll of immolation {unknown}
 o - a scroll of silence {unknown}
 p - 2 scrolls of brand weapon {unknown}
 x - a scroll of enchant weapon {unknown}
 B - 2 scrolls of vulnerability {unknown}
Potions
 d - 3 potions of might
 h - 2 potions of invisibility {unknown}
 i - 3 potions of curing {unknown}
 j - 3 potions of ambrosia {unknown}
 l - 3 potions of haste {unknown}
 n - a potion of brilliance {unknown}
 q - a potion of enlightenment {unknown}
 t - 2 potions of resistance {unknown}
 v - a potion of mutation {unknown}
 w - a potion of degeneration {unknown}
 z - a potion of magic {unknown}
 C - a potion of attraction {unknown}
 D - a potion of heal wounds {unknown}


   Skills:
 + Level 8.1 Fighting
 + Level 7.5 Axes
 - Level 3.6 Armour
 - Level 3.6 Shields
 + Level 2.4 Invocations


You had 6 spell levels left.
You didn't know any spells.
Your spell library contained the following spells:

 Spells                   Type           Power      Damage    Failure   Level
 Foxfire                  Conj/Fire      0%         2x1d4     100%        1
 Cigotuvi's Dreadful Rot  Necr/Alch/Air  0%         N/A       100%        2
 Ensorcelled Hibernation  Hex/Ice        0%         N/A       100%        2
 Scorch                   Fire           0%         2d5       100%        2
 Passwall                 Erth           0%         N/A       100%        3
 Swiftness                Air            0%         N/A       100%        3
 Flame Wave               Conj/Fire      0%         2d4       100%        4
 Ignite Poison            Fire/Alch      0%         N/A       100%        4
 Freezing Cloud           Conj/Ice/Air   0%         6-21      100%        5
 Plasma Beam              Fire/Air       0%         2x1d10    100%        6
 Starburst                Conj/Fire      0%         6d3       100%        6
 Summon Cactus Giant      Summ           0%         N/A       100%        6


Dungeon Overview and Level Annotations

Branches:
Dungeon (6/15)             Temple (0/1) D:4

Altars:
Cheibriados
Dithmenos
Gozag
Kikubaaqudgha
Makhleb
Nemelex Xobeh
Ru
Sif Muna
Trog
Uskayaw
Xom


Innate Abilities, Weirdness & Mutations

You have a pair of horns on your head.
You reflexively headbutt those who attack you in melee.


Message History

You slash the hound!
You kill the hound!
Makhleb accepts your kill.
You feel better.
You barely miss the killer bee. You closely miss the killer bee.
The killer bee stings you.
* * * LOW HITPOINT WARNING * * *
The killer bee stings you but does no damage. x4
You closely miss the killer bee. You headbutt the killer bee.
The killer bee is lightly wounded.
You closely miss the killer bee. You miss the killer bee.
The killer bee stings you but does no damage.
The killer bee barely misses you.
The killer bee stings you but does no damage. x5
The killer bee stings you.
* * * LOW HITPOINT WARNING * * *
You block the killer bee's attack.
You barely miss the killer bee. Your headbutt misses the killer bee.
The killer bee is lightly wounded.
You barely miss the killer bee. x2
The killer bee stings you but does no damage.
The killer bee stings you.
* * * LOW HITPOINT WARNING * * *
You are poisoned.
The killer bee poisons you! The killer bee barely misses you.
The killer bee stings you but does no damage.
The killer bee stings you.
* * * LOW HITPOINT WARNING * * *
You block the killer bee's attack.
You slash the killer bee!
The killer bee is severely wounded.
You closely miss the killer bee. You hit the killer bee.
You feel sick. The killer bee stings you.
* * * LOW HITPOINT WARNING * * *
The killer bee stings you!
* * * LOW HITPOINT WARNING * * *
You are more poisoned.
The killer bee poisons you!
The killer bee stings you but does no damage.
The killer bee closely misses you. The killer bee stings you.
You die...

............ ...........
# ..........# .#
..........###..# .#
............!... ....
................
.....##.....#.....#####.
#.#............yy##
#.##..#########y@##
#.#...#.......#†..#
#..#>.##.._..##...#
...##.............###
#............(......#
##.......###...........
###.......#............
..#......P.P........##.
.....##...P.PP.#....#


You could see 3 killer bees.

Vanquished Creatures
  Eustachio (D:4)
  A black bear (D:5)
  An ogre (D:5)
  A scorpion (D:6)
  A killer bee (D:6)
  A howler monkey (D:6)
  A bombardier beetle (D:6)
  2 jellies
  A hound (D:6)
  An orc priest (D:4)
  3 iguanas
  An orc wizard (D:4)
  Ijyb (D:4)
  Natasha (thrice) (D:4)
  2 adders
  A ribbon worm (D:2)
  A dart slug (D:2)
  5 orcs (D:4)
  8 ball pythons
  5 bats
  4 endoplasms
  2 giant cockroaches
  14 goblins
  5 hobgoblins
  3 jackals (D:1)
  2 quokkas
  2 frilled lizards (D:2)
  8 kobolds
  6 rats
87 creatures vanquished.

Vanquished Creatures (others)
  A rat (D:3)
1 creature vanquished.

Grand Total: 88 creatures vanquished

Notes
Turn   | Place    | Note
-------+----------+-------------------------------------------
     0 | D:1      | Bobbunny the Minotaur Fighter began the quest for the Orb.
     0 | D:1      | Reached XP level 1. HP: 19/19 MP: 0/0
   134 | D:1      | Reached skill level 4 in Fighting
   134 | D:1      | Reached XP level 2. HP: 27/27 MP: 1/1
   544 | D:2      | Reached XP level 3. HP: 20/34 MP: 2/2
   773 | D:2      | Found a burning altar of Makhleb.
   933 | D:2      | Became a worshipper of Makhleb the Destroyer
  1213 | D:3      | Reached XP level 4. HP: 39/41 MP: 3/3
  1305 | D:3      | Reached skill level 5 in Fighting
  1410 | D:3      | Found a faded altar of an unknown god.
  1649 | D:3      | Found a hide-covered altar of Uskayaw.
  1649 | D:3      | Found a sparkling altar of Nemelex Xobeh.
  1711 | D:4      | Found a shimmering altar of Xom.
  1752 | D:4      | Noticed Eustachio
  1771 | D:4      | Killed Eustachio
  1772 | D:4      | Reached skill level 6 in Fighting
  1772 | D:4      | Reached skill level 5 in Axes
  1772 | D:4      | Reached XP level 5. HP: 8/50 MP: 4/4
  1998 | D:4      | Reached XP level 6. HP: 55/58 MP: 5/5
  2055 | D:4      | Reached * piety under Makhleb
  2132 | D:4      | Noticed Natasha
  2136 | D:4      | Killed Natasha
  2405 | D:4      | Noticed Natasha
  2417 | D:4      | Killed Natasha
  2509 | D:4      | Found a staircase to the Ecumenical Temple.
  2510 | D:4      | Noticed Natasha
  2526 | D:4      | Killed Natasha
  2687 | D:4      | Noticed Ijyb
  2707 | D:4      | Killed Ijyb
  2798 | D:4      | Reached skill level 7 in Fighting
  2899 | D:4      | Found a shimmering blue altar of Sif Muna.
  2900 | D:4      | Found a shadowy altar of Dithmenos.
  2900 | D:4      | Found a snail-covered altar of Cheibriados.
  2905 | D:4      | Found an opulent altar of Gozag.
  3032 | D:5      | Entered Level 5 of the Dungeon
  3124 | D:5      | Reached XP level 7. HP: 43/66 MP: 6/6
  3207 | D:5      | Reached skill level 1 in Invocations
  3285 | D:5      | Found a bloodstained altar of Trog.
  3416 | D:5      | Found a sacrificial altar of Ru.
  3725 | D:6      | Found an ancient bone altar of Kikubaaqudgha.
  3779 | D:6      | Reached ** piety under Makhleb
  3783 | D:6      | Reached skill level 8 in Fighting
  3802 | D:6      | HP: 2/68 [killer bee (8)]
  3802 | D:6      | Slain by a killer bee

Illustrated notes

Levels and vault maps discovered:
D:1:      dpeg_arrival_windows_large_door, layout_rooms
D:2:      layout_basic, basic_altar
D:3:      layout_rooms, gammafunk_temple_overflow_wave,
          shapermc_ecumenical_altar_pompeii
D:4:      kennysheep_the_goblin_king, layout_cave_pods,
          nicolae_overflow_hidden_temple, minitemple, xom_teletrap_fun,
          minmay_temple_entry_mist, uniq_natasha, uniq_eustachio, uniq_ijyb
D:5:      layout_gridville, mainiacjoe_overflow_alcove_1,
          nicolae_ru_great_annihilating_truth
D:6:      layout_cave_pools, kiku_gazebo_garden_becter, serial_shops,
          nicolae_diamond_shop

Skill      XL: |  1  2  3  4  5  6  7 |
---------------+----------------------+-----
Fighting       | 4 6 7 8 |  8.1
Axes           | 3 4 5 6 7 |  7.5
Invocations    | 2 |  2.4
Armour         | |  3.6
Shields        | |  3.6

Action                     |  1- 3 |  4- 6 |  7- 9 || total
---------------------------+-------+-------+-------++-------
  Melee: War axe           |    71 |   127 |    37 ||   235
         Headbutt          |     6 |    14 |     4 ||    24
  Throw: Javelin           |       |       |     1 ||     1
  Evoke: Wand              |       |       |     1 ||     1
   Stab: Paralysed         |       |       |     1 ||     1
 Armour: Scale mail        |    45 |    45 |       ||    90
         Plate armour      |       |    56 |    46 ||   102
  Dodge: Dodged            |    34 |    36 |    15 ||    85
  Block: Buckler           |    18 |    29 |     7 ||    54
